AoeStats
← Rye

Fortress

510318600Analyzed
1v1 RM · 21h ago on Sep 30, 2026· 49m 39s· 2 players
Game mode
Random Map
Map size
Small (3 player)
Population
200
Speed
Normal
Resources
Standard
Victory
Conquest
Starting age
Dark Age
Ending age
Imperial Age
RankedLock teamsTeams togetherTeam positionsShared explorationLock speedFull tech treeHidden civsTurbo modeCheats
Victory
Defeat
🇳🇱 Maya · Netherlands
1702
+13
🇨🇳 Magyars · China
1643
-13
Rye
6:15 Feudal Age
10:21 Castle Age
8:38 Double-Bit Axe
12:00 Loom
17:36 Horse Collar
19:23 Wheelbarrow
21:47 Loom
21:48 Town Watch
24:49 Imperial Age
22:56 Scale Barding Armor
23:58 Chain Barding Armor
24:44 Bloodlines
24:35 Husbandry
25:50 Bow Saw
25:02 Cavalier
26:17 Plate Barding Armor
27:50 Paladin
29:08 Light Cavalry
34:28 Fletching
35:14 Corvinian Army
35:54 Bodkin Arrow
37:15 Bracer
37:57 Elite Skirmisher
39:41 Ballistics
40:22 Chemistry
43:10 Padded Archer Armor
44:43 Hussar
48:07 Leather Archer Armor
Henk
6:16 Feudal Age
10:24 Castle Age
8:37 Horse Collar
9:01 Double-Bit Axe
11:18 Bow Saw
12:19 Gold Mining
12:52 Loom
17:30 Heavy Plow
18:36 Wheelbarrow
20:09 Hand Cart
20:08 Town Watch
25:36 Imperial Age
23:28 Fletching
24:34 Squires
23:56 Eagle Warrior
24:54 Bodkin Arrow
24:59 Scale Mail Armor
25:54 Ballistics
25:45 Masonry
25:15 Pikeman
26:19 Bracer
27:22 Chemistry
26:34 Masonry
26:40 Stone Mining
27:25 Chain Mail Armor
28:55 Crop Rotation
29:27 Two-Man Saw
29:00 Plate Mail Armor
29:17 Forging
29:39 Fortified Wall
28:58 Halberdier
30:26 Padded Archer Armor
31:45 Architecture
31:43 Leather Archer Armor
32:03 Iron Casting
31:28 Elite Plumed Archer
33:11 Conscription
35:40 Hoardings
35:36 Holcans
36:26 Blast Furnace
36:34 Ring Archer Armor
36:31 Murder Holes
39:18 Guilds
40:26 Thumb Ring
40:04 Treadmill Crane
41:26 Stone Shaft Mining
40:56 Elite Eagle Warrior
49:14 Arson
Connection lost

Rejoining the realm…

Still unreachable

The connection could not be restored.

Session expired

The server has moved on; the page needs a fresh start.